 Dungeon Crawl Stone Soup version 0.18-a0-1805-g8ab820f (webtiles) character file.

73 ekha the Chopper (level 4, -2/42 HPs)
             Began as a Deep Dwarf Berserker on Apr 26, 2016.
             Was a Believer of Trog.
             Slain by no0bjke's ghost (3 damage)
             ... on level 3 of the Dungeon.
             The game lasted 00:09:56 (830 turns).

ekha the Chopper (Deep Dwarf Berserker)              Turns: 830, Time: 00:09:57

Health: -2/42      AC:  6    Str: 20 (22) XL:     4   Next: 8%
Magic:  4/4        EV: 12    Int:  6 (7)  God:    Trog [**....]
Gold:   60         SH:  0    Dex: 12      Spells: 0 memorised, 3 levels left

rFire  . . .     SeeInvis .     q - +0 mace
rCold  . . .     Gourm    .     f - +0 ring mail {MR+}
rNeg   . . .     Faith    .     (no shield)
rPois  .         Spirit   .     k - +0 helmet
rElec  .         Dismiss  .     (no cloak)
rCorr  .         Reflect  .     (no gloves)
SustAt .         Harm     .     (no boots)
MR     +....                    (no amulet)
Stlth  +.........               (no ring)
                                (no ring)

@: non-regenerating, somewhat resistant to hostile enchantments, very unstealthy
A: damage resistance, recharge devices, sense surroundings 1, slow regeneration
3
a: Device Recharging, Berserk, Trog's Hand, Burn Spellbooks, Renounce Religion


You were on level 3 of the Dungeon.
You worshipped Trog.
Trog was pleased with you.
You were completely stuffed.

You visited 1 branch of the dungeon, and saw 3 of its levels.
You also visited: Sewer.

You collected 60 gold pieces.

Inventory:

Hand Weapons
 a - a +0 hand axe
 d - a +0 short sword
 n - a +0 flail
 q - a +0 mace (weapon)
Missiles
 g - 29 stones (quivered)
Armour
 b - a +0 animal skin
 f - a +0 ring mail of magic resistance (worn)
 h - a +0 leather armour
 k - a +0 helmet (worn)
Wands
 c - a wand of heal wounds (4/9)
Scrolls
 e - a scroll of remove curse {unknown}
 m - a scroll of immolation {unknown}
Books
 o - a book of Clouds

   Spells                             Type                      Level
   a - Mephitic Cloud                 Conjuration/Poison/Air       3
   b - Conjure Flame                  Conjuration/Fire             3
   c - Poisonous Cloud                Conjuration/Poison/Air       6
   d - Freezing Cloud                 Conjuration/Ice/Air          6
   e - Ring of Flames                 Charms/Fire                  7
   Trog disapproves of the use of such an item.
Comestibles
 p - a bread ration


   Skills:
 + Level 3.5 Fighting
 + Level 3.8 Axes
 + Level 2.3 Armour
 + Level 3.2 Dodging
 + Level 0.3 Stealth


You had 3 spell levels left.
You didn't know any spells.

Dungeon Overview and Level Annotations

Branches:
Dungeon (3/15)

Altars:

Annotations:
D:3 no0bjke's ghost, amateur GrBe


Innate Abilities, Weirdness & Mutations

You are resistant to damage.
You can recharge devices by infusing magical energy.
You passively map a small area around you.
You do not regenerate naturally.


Message History

Moving in this stuff is going to be slow.
No0bjke's ghost (amateur Gargoyle Berserker) comes into view.
No0bjke's ghost turns its malevolent gaze towards you.
No0bjke's ghost says, "You're as good as gold."
No0bjke's ghost closely misses you.
You hit no0bjke's ghost.
No0bjke's ghost is lightly damaged.
No0bjke's ghost misses you. No0bjke's ghost hits you.
* * * LOW HITPOINT WARNING * * *
You hit no0bjke's ghost.
No0bjke's ghost is lightly damaged.
No0bjke's ghost hits you.
* * * LOW HITPOINT WARNING * * *
You hit no0bjke's ghost.
No0bjke's ghost is lightly damaged.
No0bjke's ghost hits you but does no damage.
You closely miss no0bjke's ghost.
No0bjke's ghost is lightly damaged.
No0bjke's ghost hits you.
You die...

* , * #* *..# .## ..# ,* *
..# #..# . * ,* #.# #...#..
,* , #.# ......# .. ,* #.#
#######.#.....
,....###.####..W@.......# ,
.............##.......##
....###.######.......## * .,
* #.# #...#.#.# * ,, #.##
#.....#.# , , #..# #...#...#
*.... . , ##.# #.###.### ....
. *** #.#####.###.######...
.########.##................,
, ,


You could see no0bjke's ghost.

Vanquished Creatures
  An orc wizard (D:3)
  An adder (D:2)
  An ooze (D:3)
  A worm (D:2)
  A dart slug (D:3)
  A giant gecko (D:1)
  2 orcs (D:3)
  5 bats
  3 giant cockroaches
  4 goblins
  2 hobgoblins (D:2)
  2 kobolds
  A rat (D:2)
25 creatures vanquished.

Notes
Turn   | Place    | Note
--------------------------------------------------------------
     0 | D:1      | ekha the Deep Dwarf Berserker began the quest for the Orb.
     0 | D:1      | Reached XP level 1. HP: 20/20 MP: 1/1
   136 | D:1      | You fall through a shaft!
   191 | D:2      | Reached XP level 2. HP: 26/28 MP: 2/2
   350 | D:2      | Reached XP level 3. HP: 17/34 MP: 3/3
   547 | D:3      | Reached ** piety under Trog
   639 | D:3      | Reached XP level 4. HP: 7/42 MP: 4/4
   733 | D:3      | Found a glowing drain.
   743 | Sewer    | Entered a sewer
   811 | D:3      | Noticed no0bjke's ghost (amateur GrBe)
   828 | D:3      | HP: 1/42 [no0bjke's ghost (2)]
   830 | D:3      | Slain by no0bjke's ghost

Vault maps used:
D:1:      roderic_octagonal_star
D:2:      supply_closet_lemuel, grunt_ministairs_12, st_stairs_13
D:3:      vehumet_crystals, first_bread, lightli_sewer_entry_pipes,
          kennysheep_generic_room_7, uniq_iyjb
Sewer:    sewer_co_purgy_island

Skill      XL: |  1  2  3 |
---------------+----------+-----
Fighting       | 3 |  3.5
Dodging        | 3 |  3.2
Axes           | |  3.8
Armour         | |  2.3
Stealth        | |  0.3

Action                   |  1- 3 |  4- 6 || total
-------------------------+-------+-------++-------
Melee: Hand axe          |   127 |     2 ||   129
       Mace              |       |     4 ||     4
Evoke: Wand              |     1 |       ||     1
  Use: Potion            |     3 |       ||     3
       Scroll            |     1 |       ||     1
  Eat: Bread ration      |     1 |       ||     1
       Meat ration       |       |     1 ||     1
       Royal jelly       |       |     1 ||     1
Armor: Animal skin       |    12 |       ||    12
       Ring mail         |    47 |     1 ||    48
       Skin              |    18 |       ||    18
Dodge: Dodged            |   102 |     4 ||   106
